 Dungeon Crawl Stone Soup version 0.30-a0-377-g5cb311bc9f (webtiles) character file.

Game seed: 6973080567659828341

963 cowcol the Chopper (level 7, -2/61 HPs)
             Began as a Red Draconian Berserker on Nov 29, 2022.
             Was a Believer of Trog.
             Slain by a gnoll bouda
             ... wielding a +0 club
              (3 damage)
             ... on level 5 of the Dungeon.
             The game lasted 00:13:39 (4790 turns).

cowcol the Chopper (Red Draconian Berserker)        Turns: 4790, Time: 00:13:40

Health: -2/61      AC:  6    Str: 22    XL:     7   Next: 92%
Magic:  7/7        EV: 13    Int:  7    God:    Trog [**....]
Gold:   202        SH:  0    Dex: 10    Spells: 6/6 levels left

rFire   + . .      SeeInvis .    p - +4 halberd
rCold   . . .      Faith    .    (shield currently unavailable)
rNeg    . . .      Spirit   .    (body armour unavailable)
rPois   .          Reflect  .    (helmet restricted)
rElec   .          Harm     .    (no cloak)
rCorr   .          Rampage  .    (no gloves)
Will    ++...                    (no boots)
Stlth   ++........               (no amulet)
HPRegen 1.30/turn                (no ring)
MPRegen 0.10/turn                (no ring)

@: lethally poisoned (-2 -> -13), short of breath, strong-willed, on berserk
cooldown, regenerating, slowed, very slow
A: breathe fire, AC +6, unfitting armour, fire resistance 1, cold-blooded
a: Breathe Fire, Renounce Religion, Berserk, Trog's Hand


You were on level 5 of the Dungeon.
You worshipped Trog.
Trog was pleased with you.
You visited 1 branch of the dungeon, and saw 5 of its levels.

You collected 235 gold pieces.
You spent 33 gold pieces at shops.

Inventory:

Hand Weapons
 a - a +0 hand axe
 d - a +0 short sword
 m - a +0 spear
 n - a +0 flail
 p - a +4 halberd (weapon)
Missiles
 c - 11 stones
 t - 3 poisoned darts (quivered)
Jewellery
 s - a +4 ring of evasion
Wands
 r - a wand of charming (6)
Scrolls
 b - a scroll of immolation
 f - a scroll of brand weapon
 g - a scroll of enchant weapon
 h - a scroll of identify
 q - a scroll of enchant armour {unknown}
Potions
 e - a potion of heal wounds
 i - 3 potions of curing {unknown}
 j - a potion of brilliance {unknown}
 k - 3 potions of attraction
 l - 2 potions of mutation {unknown}
 o - a potion of flight


   Skills:
 + Level 5.2 Fighting
 + Level 5.6(6.3) Axes
 + Level 3.1(4.7) Maces & Flails
 * Level 2.9(4.6) Polearms
 + Level 0.2 Throwing
 + Level 4.8 Dodging
 + Level 1.6 Stealth


You had 6 spell levels left.
You didn't know any spells.
Your spell library was empty.

Dungeon Overview and Level Annotations

Branches:
Dungeon (5/15)             Temple (0/1) D:4

Altars:
Fedhas

Shops:
D:4 *

Annotations:
D:3 2 transporters, bande's ghost, novice GrFi


Innate Abilities, Weirdness & Mutations

You can breathe blasts of fire.
Your fiery red scales are hard. (AC +6)
You cannot fit into any form of body armour.
Your flesh is heat resistant. (rF+)
You are cold-blooded and may be slowed by cold attacks.


Message History

You are more poisoned.
The water moccasin poisons you!
The ufetubus hits you but does no damage. x2
The water moccasin closely misses you.
Aiming: Breathe Fire (5% risk of failure)
Press: ? - help, Shift-Dir - straight line, f - ufetubus
Aim: an ufetubus (48% to hit)
You breathe a blast of fire.
The fiery breath misses the ufetubus.
You feel very sick. The ufetubus barely misses you.
The ufetubus hits you but does no damage.
The water moccasin misses you.
The ufetubus hits you but does no damage.
The ufetubus closely misses you.
The water moccasin bites you but does no damage.
Your skin crawls.
You feel strong-willed.
You feel very sick. The ufetubus hits you. x2
* * * LOW HITPOINT WARNING * * *
The water moccasin bites you but does no damage.
The ufetubus barely misses you.
The ufetubus hits you but does no damage.
The water moccasin bites you!
* * * LOW HITPOINT WARNING * * *
The ufetubus barely misses you. The ufetubus hits you.
* * * LOW HITPOINT WARNING * * *
Your skin crawls.
You feel strong-willed.
You feel very sick. The water moccasin bites you.
* * * LOW HITPOINT WARNING * * *
You are more poisoned.
The water moccasin poisons you! The ufetubus barely misses you. x2
The water moccasin barely misses you. The ufetubus closely misses you.
The ufetubus hits you but does no damage.
The gnoll bouda barely misses you.
The gnoll bouda attacks as you move away!
The gnoll bouda hits you with a +0 club.
You die...

#..#################
#...................
#...................
#..#################
#..#.....#g.g..#....
#..#....?#...g.#....
#..#..#..#..#..#..##
#..#g.#..#..#..#..#
#☼5@..#....h#.....#
#.S...#
####################
#............
###...### .....
#.......# #.##
#.#...#.# #.## ##
##.##.# #... . ...
#.# ##..


You could see a water moccasin, a gnoll bouda and an ufetubus.

Vanquished Creatures
  Menkaure (D:4)
  3 ogres
  Blork the orc (D:4)
  A necrophage (D:4)
  A scorpion (D:3)
  A hound (D:3)
  3 orc priests
  A gnoll bouda (D:4)
  Jessica (D:2)
  Ijyb (D:4)
  3 gnolls
  5 adders
  A shadow imp (D:5)
  A white imp (D:5)
  An ufetubus (D:4)
  A worm (D:4)
  5 dart slugs
  13 orcs
  6 ball pythons
  8 endoplasms
  3 giant cockroaches
  5 goblins
  3 hobgoblins
  5 jackals
  2 quokkas
  8 bats
  4 frilled lizards
  10 kobolds
  6 rats
104 creatures vanquished.

Vanquished Creatures (others)
  A plant (D:4)
1 creature vanquished.

Grand Total: 105 creatures vanquished

Notes
Turn   | Place    | Note
-------+----------+-------------------------------------------
     0 | D:1      | cowcol the Draconian Berserker began the quest for the Orb.
     0 | D:1      | Reached XP level 1. HP: 19/19 MP: 1/1
   168 | D:1      | Reached XP level 2. HP: 26/26 MP: 2/2
   407 | D:1      | Reached ** piety under Trog
   463 | D:1      | Reached XP level 3. HP: 28/33 MP: 3/3
  1617 | D:2      | Identified the +2 leather armour of Foumaf {rPois rF+
                  | rCorr}
  1699 | D:2      | Noticed Jessica
  1708 | D:2      | Killed Jessica
  1709 | D:2      | Reached XP level 4. HP: 40/40 MP: 4/4
  2093 | D:3      | Reached XP level 5. HP: 46/46 MP: 5/5
  2136 | D:3      | Found a transporter.
  2201 | D:3      | Noticed bande's ghost (novice GrFi)
  2204 | D:3      | Found a transporter.
  2316 | D:3      | Reached skill level 5 in Axes
  2653 | D:4      | Found a blossoming altar of Fedhas.
  2751 | D:4      | Reached skill level 1 in Stealth
  2769 | D:4      | Reached XP level 6. HP: 53/53 MP: 6/6
  3187 | D:4      | Found Leutoy's General Store.
  3195 | D:4      | Bought a potion of flight for 33 gold pieces
  3308 | D:4      | Reached skill level 1 in Maces & Flails
  3461 | D:4      | Your scales start taking on a fiery red colour.
  3461 | D:4      | Reached XP level 7. HP: 36/60 MP: 7/7
  3461 | D:4      | Gained mutation: Your flesh is heat resistant. (rF+) [Red
                  | Draconian growth]
  3768 | D:4      | Found a staircase to the Ecumenical Temple.
  3822 | D:4      | Noticed Blork the orc
  3835 | D:4      | Killed Blork the orc
  3899 | D:4      | Noticed Menkaure
  3902 | D:4      | Killed Menkaure
  3903 | D:4      | Reached skill level 5 in Fighting
  3903 | D:4      | Reached skill level 1 in Polearms
  3963 | D:4      | Noticed Ijyb
  3983 | D:4      | Killed Ijyb
  4359 | D:5      | Entered Level 5 of the Dungeon
  4789 | D:5      | HP: 1/61 [water moccasin (5)]
  4790 | D:5      | Slain by a gnoll bouda

Illustrated notes

Levels and vault maps discovered:
D:1:      dpeg_arrival_court, layout_loops_corners
D:2:      layout_basic, uniq_jessica
D:3:      layout_basic, gammafunk_ghost_arena
D:4:      kennysheep_big_flooded_room, layout_gridville, fedhas_altar_1,
          minmay_temple_entry_enclosed_plants, serial_shops, shop, uniq_ijyb,
          uniq_blork_the_orc, uniq_menkaure
D:5:      kennysheep_windowed_halls, layout_loops_cross, enter_ossuary_1,
          roderic_serpentine_path, chequers_mini_garden

Skill      XL: |  1  2  3  4  5  6  7 |
---------------+----------------------+-----
Dodging        | 3 4 |  4.8
Axes           | 4 5 |  5.6
Fighting       | 4 5 |  5.2
Stealth        | 1 |  1.6
Maces & Flails | 1 3 |  3.1
Polearms       | 2 |  2.9
Throwing       | |  0.2

Action                   |  1- 3 |  4- 6 |  7- 9 || total
-------------------------+-------+-------+-------++-------
Melee: Hand axe          |   119 |    78 |       ||   197
       Tailslap          |     7 |    10 |     9 ||    26
       Punch             |     1 |     2 |       ||     3
       Flail             |       |    57 |    15 ||    72
       Halberd           |       |       |    41 ||    41
Throw: Stone             |     6 |     2 |       ||     8
Invok: Berserk           |     3 |     7 |     5 ||    15
       Trog's Hand       |       |     1 |     2 ||     3
 Abil: Breathe Fire      |       |       |     3 ||     3
  Use: Scroll            |     3 |     1 |     2 ||     6
       Potion            |       |       |     1 ||     1
 Stab: Sleeping          |     1 |       |     2 ||     3
Armor: Skin              |    39 |    55 |    36 ||   130
Dodge: Dodged            |    66 |   113 |    95 ||   274

Table legend: (Time is in decaauts)
 A = Elapsed time spent in this place.
 B = Non-inter-level travel time spent in this place.
 C = Inter-level travel time spent in this place.
 D = Time resting spent in this place.
 E = Time spent auto-exploring this place.
 F = Levels seen in this place.
 G = Mean time per level.
                   A        B        C        D        E       F      G
               +--------+--------+--------+--------+--------+-----+--------+
         Total |   4985 |   4843 |    142 |   1229 |   2425 |   5 |  997.0 |
       Dungeon |   4985 |   4843 |    142 |   1229 |   2425 |   5 |  997.0 |
               +--------+--------+--------+--------+--------+-----+--------+

Top non-repeatable levels by time:
     D:4: 1542 daAuts
     D:3: 1147 daAuts
     D:1: 1124 daAuts
     D:2: 722 daAuts
     D:5: 448 daAuts
